[Event "FIDE WCCC Open-08 2024"]
[Site "Montesilvano"]
[Date "2024.11.22"]
[Round "7.19"]
[White "Hu, Junyan"]
[Black "Kalinin, Bogdan"]
[Result "1-0"]
[ECO "B33"]
[WhiteElo "1924"]
[BlackElo "1548"]
[Annotator "NA RC"]
[PlyCount "117"]
[EventDate "2024.11.18"]
[EventType "swiss"]
[EventCountry "ITA"]
[SourceTitle "playchess.com"]
[Source "ChessBase"]
[SourceQuality "1"]
[TimeControl "5400+30"]

1. e4 c5 2. Nf3 Nc6 3. d4 cxd4 4. Nxd4 Nf6 5. Nc3 e5 6. Ndb5 d6 7. Nd5 Nxd5 8. exd5 Nb8 9. a4 Be7 10. Be2 O-O 11. O-O a6 12. Na3 f5 {[%emt 0:00:34] B33: Sicilian: Pelikan and Sveshnikov Variations.} 13. Bd2 {[%emt 0:01:30] 13.Nc4 is a critical line.} b6 14. a5 b5 15. c4 bxc4 16. Nxc4 Nd7 17. f4 e4 $146 ({Predecessor:} 17... Rb8 18. Kh1 Bb7 19. Be3 exf4 20. Bxf4 Nc5 21. Rc1 Ne4 22. Bf3 Bg5 23. Bxg5 Qxg5 {1-0 Ribera Veganzones,S (2341)-Pace,C (2184) EU-ch Small Nations 5th 2024 (8)}) 18. Rc1 Rb8 19. b4 $14 Nf6 20. Nb6 Rxb6 21. axb6 Qxb6+ 22. Kh1 Bd7 23. Qb3 Bb5 24. Be3 Qb7 25. Bxb5 Qxb5 26. Rfd1 Rb8 27. h3 Qxb4 28. Rc8+ Kf7 29. Rxb8 Qa5 30. Bb6 Qb5 31. Qxb5 axb5 32. Bd8 Bxd8 33. Rxd8 e3 34. Rb8 Ne4 35. Re1 e2 36. Kg1 Nc3 37. Kf2 Nxd5 38. Rxb5 Nc3 39. Rb3 Ne4+ 40. Kxe2 h6 41. Rb7+ Kf6 42. Reb1 g5 43. fxg5+ hxg5 44. R1b4 Nc5 45. R7b5 Ne6 46. Rd5 Nf4+ 47. Rxf4 gxf4 48. Rxd6+ Ke5 49. Ra6 Ke4 50. h4 Ke5 51. h5 Ke4 52. h6 Ke5 53. h7 Kd5 54. h8=Q Ke4 55. Qe8+ Kd4 56. Rd6+ Kc4 57. Qc6+ Kb3 58. Qb5+ Ka3 59. Ra6# 1-0

[Event "FIDE WCCC Open-08 2024"]
[Site "Montesilvano"]
[Date "2024.11.22"]
[Round "7.20"]
[White "Cardas, Serghei"]
[Black "Alloussi, Arian"]
[Result "0-1"]
[ECO "D36"]
[WhiteElo "1627"]
[BlackElo "1745"]
[Annotator "NA RC"]
[PlyCount "110"]
[EventDate "2024.11.18"]
[EventType "swiss"]
[EventCountry "ITA"]
[SourceTitle "playchess.com"]
[Source "ChessBase"]
[SourceQuality "1"]
[TimeControl "5400+30"]

1. d4 d5 2. c4 e6 3. Nc3 Nf6 4. cxd5 exd5 5. Bg5 Be7 6. e3 c6 7. Bd3 O-O 8. Qc2 h6 9. Bh4 Re8 10. Nge2 a5 11. O-O Na6 12. a3 Nc7 13. f3 c5 14. Bf2 c4 15. Bf5 b5 16. Bxc8 Rxc8 17. b3 b4 18. axb4 axb4 19. Na2 Nb5 20. e4 dxe4 21. fxe4 Na3 22. Qb2 c3 23. Qc1 Nxe4 24. Be3 Nf6 25. Ng3 Nd5 26. Nf5 Nxe3 27. Qxe3 Bg5 28. Qg3 Nc2 29. Rad1 Ne3 30. Nxe3 Bxe3+ 31. Kh1 c2 32. Rde1 Qxd4 33. Qf3 f6 34. Nc1 Bxc1 35. Rxc1 Kh8 36. h3 Red8 37. Qf5 Qd5 38. Qg6 Qxb3 39. Kh2 Qe6 40. Rxc2 Rxc2 41. Qxc2 b3 42. Qb1 Qe5+ 43. Kh1 b2 44. Qc2 Rb8 45. Rb1 Qg3 46. Qe2 Qe5 47. Qc2 Qa5 48. Qe2 Qb5 49. Qc2 Qb4 50. Qc7 Re8 51. Qg3 Qd2 52. Kh2 Qc2 53. Rxb2 Qxb2 54. h4 Qe5 55. Qxe5 Rxe5 0-1

[Event "FIDE WCCC Open-08 2024"]
[Site "Montesilvano"]
[Date "2024.11.22"]
[Round "7.21"]
[White "Kuncoro, Leo"]
[Black "Rajabov, Abdurahmon"]
[Result "0-1"]
[ECO "C11"]
[WhiteElo "1726"]
[BlackElo "1515"]
[Annotator "NA RC"]
[PlyCount "79"]
[EventDate "2024.11.18"]
[EventType "swiss"]
[EventCountry "ITA"]
[SourceTitle "playchess.com"]
[Source "ChessBase"]
[SourceQuality "1"]
[TimeControl "5400+30"]

1. e4 e6 2. d4 d5 3. Nc3 Nf6 4. e5 Nfd7 5. Nce2 c5 6. c3 Nc6 7. f4 a6 8. Be3 b5 9. Nf3 Qb6 10. dxc5 Bxc5 11. Ned4 b4 12. Bd3 h6 13. Rb1 Rb8 14. a3 bxa3 15. bxa3 Qc7 16. Rxb8 Ncxb8 17. Qb3 Qa5 18. f5 exf5 19. Nxf5 Bxe3 20. Nxe3 Nc5 21. Qc2 Be6 22. O-O O-O 23. Ra1 Nc6 24. Nd4 Nxe5 25. Bf5 Bxf5 26. Ndxf5 Kh8 27. Nxd5 Ncd7 28. Qd2 Nc4 29. Qd4 Nde5 30. Re1 Rd8 31. Rxe5 Nxe5 32. Qxe5 Qc5+ 33. Kf1 Qb5+ 34. Kf2 Qc5+ 35. Kf1 Qc4+ 36. Kg1 Qc5+ 37. Kh1 Qf8 38. Kg1 Qc5+ 39. Kf1 Qc4+ 40. Kf2 0-1

[Event "FIDE WCCC Open-08 2024"]
[Site "Montesilvano"]
[Date "2024.11.22"]
[Round "7.22"]
[White "Charyyev Charyhekim"]
[Black "Mohamed Fouad, Yahia"]
[Result "1-0"]
[ECO "D00"]
[WhiteElo "1589"]
[BlackElo "1705"]
[Annotator "NA RC"]
[PlyCount "143"]
[EventDate "2024.11.18"]
[EventType "swiss"]
[EventCountry "ITA"]
[SourceTitle "playchess.com"]
[Source "ChessBase"]
[SourceQuality "1"]
[TimeControl "5400+30"]

1. d4 d5 2. Bf4 Nf6 3. e3 c5 4. dxc5 Qa5+ 5. Nd2 Qxc5 6. Ngf3 Nc6 7. c3 Bg4 8. Bc7 e6 9. Qb3 b6 10. Ba6 Bxf3 11. Nxf3 Na5 12. Bb5+ Nd7 13. Bxd7+ Kxd7 14. Qa4+ Kxc7 15. Qf4+ Qd6 16. Qxf7+ Qd7 17. Qh5 g6 18. Qg4 Bd6 19. Ng5 Rae8 20. O-O h6 21. Nf3 g5 22. Qd4 Nc6 23. Qa4 Rhf8 24. Nd4 a5 25. Qc2 Nxd4 26. cxd4+ Kb7 27. Qd2 Rc8 28. Rac1 Rxc1 29. Qxc1 Rc8 30. Qb1 Qf7 31. a3 Qf5 32. Qd1 Qg6 33. Qa4 Rc7 34. b4 Qc2 35. Qe8 Qc6 36. Qg6 axb4 37. axb4 Bxb4 38. g3 Be7 39. Qb1 b5 40. Qb3 b4 41. Ra1 Qb6 42. Qa4 Rc6 43. Qa8+ Kc7 44. Ra7+ Kd6 45. Rb7 Qd8 46. Rb8 Qc7 47. Rb7 Qc8 48. Rb8 Rc1+ 49. Kg2 Qc6 50. Qa7 Qc7 51. Rb6+ Rc6 52. Rb7 Qd8 53. Rb8 Qd7 54. Rb7 Qe8 55. Qa4 e5 56. dxe5+ Kxe5 57. Rc7 Rxc7 58. Qxe8 Rb7 59. Qh8+ Ke6 60. Qxh6+ Bf6 61. Qf8 b3 62. Qc8+ Rd7 63. Qa6+ Kf7 64. Qc6 Ke7 65. Qc5+ Kf7 66. Qb5 b2 67. Qxd7+ Kg6 68. Qb5 g4 69. h3 gxh3+ 70. Kxh3 Kg7 71. f4 Kg6 72. g4 1-0

[Event "FIDE WCCC Open-08 2024"]
[Site "Montesilvano"]
[Date "2024.11.22"]
[Round "7.23"]
[White "Sahin, Bora"]
[Black "Pera, Mikolaj"]
[Result "0-1"]
[ECO "B26"]
[WhiteElo "1703"]
[BlackElo "1446"]
[Annotator "NA RC"]
[PlyCount "66"]
[EventDate "2024.11.18"]
[EventType "swiss"]
[EventCountry "ITA"]
[SourceTitle "playchess.com"]
[Source "ChessBase"]
[SourceQuality "1"]
[TimeControl "5400+30"]

1. e4 c5 2. Nc3 d6 3. g3 Nf6 4. Bg2 Nc6 5. d3 g6 6. Be3 Bg7 7. Qd2 Rb8 8. Bh6 O-O 9. h4 Nd4 10. Bxg7 Kxg7 11. Nd1 e6 12. c3 Nc6 13. f4 h5 14. Ne3 Re8 15. Ne2 Bd7 16. Rf1 b5 17. f5 exf5 18. exf5 Qe7 19. Be4 Nxe4 20. dxe4 Qxe4 21. f6+ Kh7 22. Nd5 Bg4 23. Ndf4 Bxe2 24. Nxe2 Re6 25. Kd1 Ne5 26. Ng1 Nc4 27. Qf2 Ne3+ 28. Kc1 Nxf1 29. Qxf1 Qe1+ 30. Kc2 Qxg3 31. Nf3 Re3 32. Ng5+ Kg8 33. Rd1 Qxh4 0-1

[Event "FIDE WCCC Open-08 2024"]
[Site "Montesilvano"]
[Date "2024.11.22"]
[Round "7.24"]
[White "Szumiec, Jan"]
[Black "Wang, Yihan(Ah)"]
[Result "0-1"]
[ECO "B42"]
[WhiteElo "1678"]
[BlackElo "1630"]
[Annotator "NA RC"]
[PlyCount "86"]
[EventDate "2024.11.18"]
[EventType "swiss"]
[EventCountry "ITA"]
[SourceTitle "playchess.com"]
[Source "ChessBase"]
[SourceQuality "1"]
[TimeControl "5400+30"]

1. e4 c5 2. Nf3 e6 3. d4 cxd4 4. Nxd4 a6 5. Bd3 Qc7 6. O-O Nf6 7. c4 d6 8. Qe2 Be7 9. Nc3 b6 10. f4 Nbd7 11. Bd2 Bb7 12. Kh1 O-O 13. f5 Nc5 14. fxe6 fxe6 15. Bc2 Bc8 16. b4 Nb7 17. Qd3 Bd7 18. e5 dxe5 19. Rxf6 Bxf6 20. Qxh7+ Kf7 21. Qg6+ Ke7 22. Bg5 Qxc4 23. Qxg7+ Kd6 24. Ndb5+ axb5 25. Rd1+ Kc7 26. Bxf6 Rxf6 27. Qxf6 Qxc3 28. Be4 Rxa2 29. Bxb7 Ra1 30. Qf1 Rxd1 31. Qxd1 Qd4 32. Bf3 Qxb4 33. Qa1 Kd6 34. h3 Qd4 35. Qa7 b4 36. Qb8+ Ke7 37. Qg8 b3 38. Qg7+ Kd6 39. Qf8+ Kc7 40. Qh8 b2 41. Qh7 Kd6 42. h4 Bc6 43. Be2 Be4 0-1

[Event "FIDE WCCC Open-08 2024"]
[Site "Montesilvano"]
[Date "2024.11.22"]
[Round "7.25"]
[White "Dzelnik, Robert"]
[Black "Muratshin, Ramazan"]
[Result "0-1"]
[ECO "C17"]
[WhiteElo "1822"]
[BlackElo "1597"]
[Annotator "NA RC"]
[PlyCount "82"]
[EventDate "2024.11.18"]
[EventType "swiss"]
[EventCountry "ITA"]
[SourceTitle "playchess.com"]
[Source "ChessBase"]
[SourceQuality "1"]
[TimeControl "5400+30"]

1. e4 e6 2. d4 d5 3. Nc3 Bb4 4. e5 c5 5. Nf3 Nc6 6. Bb5 Qb6 7. Bxc6+ bxc6 8. Be3 cxd4 9. Nxd4 c5 10. Qg4 g6 11. Ndb5 Qxb5 12. Bd2 Bxc3 13. bxc3 Ba6 14. a4 Qc4 15. Qxc4 Bxc4 16. Rb1 Ne7 17. Rb7 Nc6 18. f4 Rb8 19. Rxb8+ Nxb8 20. Kf2 Kd7 21. Rb1 Kc7 22. Kg3 Nc6 23. Kh4 h6 24. g4 Rb8 25. Rxb8 Kxb8 26. f5 Nxe5 27. Bxh6 Kb7 28. fxe6 fxe6 29. Kg5 Be2 30. Bf8 c4 31. Bg7 Nxg4 32. Kxg6 Nxh2 33. Kf6 Bg4 34. Ke7 Nf3 35. Kd6 Ne1 36. Kc5 Nxc2 37. Kb5 Ne3 38. Be5 Nf5 39. a5 a6+ 40. Kc5 Ne7 41. Kb4 Nc6+ 0-1

[Event "FIDE WCCC Open-08 2024"]
[Site "Montesilvano"]
[Date "2024.11.22"]
[Round "7.26"]
[White "Vo, Daniel"]
[Black "Tokmachov, Daniel"]
[Result "1-0"]
[ECO "B10"]
[WhiteElo "1711"]
[BlackElo "1565"]
[Annotator "NA RC"]
[PlyCount "119"]
[EventDate "2024.11.18"]
[EventType "swiss"]
[EventCountry "ITA"]
[SourceTitle "playchess.com"]
[Source "ChessBase"]
[SourceQuality "1"]
[TimeControl "5400+30"]

1. e4 c6 2. c4 d5 3. cxd5 cxd5 4. exd5 Nf6 5. Bb5+ Bd7 6. Bc4 Bf5 7. Nc3 Nbd7 8. Nge2 a6 9. Nd4 Bg6 10. d3 Nb6 11. O-O Nfxd5 12. Bxd5 Nxd5 13. Qe2 Nxc3 14. bxc3 e6 15. f4 Be7 16. f5 exf5 17. Re1 Rc8 18. Ba3 Rc7 19. Qe5 f6 20. Qe2 Qd7 21. Ne6 Bxa3 22. Nxc7+ Kf7 23. Qe6+ Qxe6 24. Nxe6 Re8 25. Nf4 Rd8 26. Rab1 Rd7 27. Nxg6 Kxg6 28. d4 b5 29. Re6 Bd6 30. Re3 Kf7 31. Ra1 Be7 32. Rd3 b4 33. c4 Bc5 34. Rad1 Bd6 35. h3 Kg6 36. Kf2 f4 37. Kf3 Kf5 38. c5 Be7 39. Ke2 Ke4 40. Re1 Kd5 41. Kd2 Kc4 42. c6 Rc7 43. Rxe7 Rxe7 44. d5 Kc5 45. d6 Re6 46. c7 Rxd6 47. c8=Q+ Rc6 48. Qf5+ Kb6 49. Qxf4 a5 50. Rd6 Rxd6+ 51. Qxd6+ Kb5 52. Kd3 Ka4 53. Qc6+ Ka3 54. Qc2 a4 55. Kc4 h6 56. Qb1 g6 57. Qxb4+ Kxa2 58. Kc3 a3 59. Kc2 f5 60. Qb1# 1-0

[Event "FIDE WCCC Open-08 2024"]
[Site "Montesilvano"]
[Date "2024.11.22"]
[Round "7.27"]
[White "Tuguldur, Baatarchuluun"]
[Black "Mudriievskyi, Jan"]
[Result "0-1"]
[ECO "B22"]
[WhiteElo "1590"]
[BlackElo "1682"]
[Annotator "NA RC"]
[PlyCount "58"]
[EventDate "2024.11.18"]
[EventType "swiss"]
[EventCountry "ITA"]
[SourceTitle "playchess.com"]
[Source "ChessBase"]
[SourceQuality "1"]
[TimeControl "5400+30"]

1. e4 c5 2. c3 d5 3. exd5 Nf6 4. c4 e6 5. dxe6 Bxe6 6. Nf3 Nc6 7. Nc3 Be7 8. Be2 O-O 9. O-O Qd7 10. d3 Rad8 11. a3 Rfe8 12. Ng5 Bf5 13. Nge4 Ne5 14. Qc2 Nxd3 15. Rd1 Nxe4 16. Rxd3 Nxc3 17. Rxd7 Bxc2 18. Rxd8 Nxe2+ 19. Kf1 Bxd8 20. Be3 Nd4 21. Rc1 Bd3+ 22. Ke1 Ba5+ 23. b4 cxb4 24. Kd2 Nb3+ 25. Kxd3 Nxc1+ 26. Bxc1 Rd8+ 27. Ke2 b3 28. Ke3 Bd2+ 29. Bxd2 b2 0-1

[Event "FIDE WCCC Open-08 2024"]
[Site "Montesilvano"]
[Date "2024.11.22"]
[Round "7.28"]
[White "Petrenko, Tymofii"]
[Black "Saathvik Chakravarthy Ramayana"]
[Result "1/2-1/2"]
[ECO "B21"]
[WhiteElo "1678"]
[BlackElo "1466"]
[Annotator "NA RC"]
[PlyCount "53"]
[EventDate "2024.11.18"]
[EventType "swiss"]
[EventCountry "ITA"]
[SourceTitle "playchess.com"]
[Source "ChessBase"]
[SourceQuality "1"]
[TimeControl "5400+30"]

1. e4 c5 2. d4 cxd4 3. c3 dxc3 4. Nxc3 e6 5. Nf3 a6 6. a4 Ne7 7. Bc4 Nbc6 8. O-O Ng6 9. Qe2 Bc5 10. Rd1 Qc7 11. Ba2 O-O 12. Be3 Bxe3 13. Qxe3 b6 14. Rac1 Bb7 15. Nd4 Rfd8 16. Qd2 Rac8 17. b4 Qe5 18. Nf3 Qf4 19. Qb2 Nce5 20. Nxe5 Nxe5 21. Qe2 d5 22. exd5 exd5 23. g3 Nf3+ 24. Kg2 Nh4+ 25. Kf1 Qf3 26. Qxf3 Nxf3 27. Nxd5 1/2-1/2

[Event "FIDE WCCC Open-08 2024"]
[Site "Montesilvano"]
[Date "2024.11.22"]
[Round "7.29"]
[White "Le Doan, Minh Thuc"]
[Black "Melkonyan, Mark"]
[Result "1-0"]
[ECO "E06"]
[WhiteElo "1677"]
[BlackElo "1445"]
[Annotator "NA RC"]
[PlyCount "92"]
[EventDate "2024.11.18"]
[EventType "swiss"]
[EventCountry "ITA"]
[SourceTitle "playchess.com"]
[Source "ChessBase"]
[SourceQuality "1"]
[TimeControl "5400+30"]

1. d4 d5 2. c4 e6 3. Nf3 Nf6 4. g3 Be7 5. Bg2 O-O 6. O-O h6 7. Bf4 Bd7 8. Nc3 a6 9. cxd5 exd5 10. Ne5 c6 11. Na4 Bf5 12. Rc1 Nbd7 13. Qb3 b5 14. Nc3 Nxe5 15. dxe5 Nd7 16. e4 Nc5 17. Qc2 Bg6 18. Rfd1 b4 19. Na4 Nxe4 20. Qxc6 Rc8 21. Qxd5 Qxd5 22. Rxd5 Rxc1+ 23. Bxc1 Rc8 24. Be3 Bg5 25. f4 Be7 26. Rd4 Nc5 27. Rc4 Bd3 28. Rc1 Rd8 29. Bxc5 Rc8 30. Be3 Rxc1+ 31. Bxc1 Bb5 32. b3 Kf8 33. Bf1 Bxf1 34. Kxf1 Ke8 35. Ke2 Kd7 36. Kd3 Kc6 37. Kc4 g6 38. Be3 a5 39. Bb6 g5 40. f5 f6 41. e6 Bd6 42. Bxa5 h5 43. Bxb4 Bc7 44. Be7 Be5 45. Nc5 Kc7 46. Nd7 Kc6 1-0

[Event "FIDE WCCC Open-08 2024"]
[Site "Montesilvano"]
[Date "2024.11.22"]
[Round "7.30"]
[White "Ok, Miro"]
[Black "Glod, Peter"]
[Result "1-0"]
[ECO "C40"]
[WhiteElo "1656"]
[BlackElo "1409"]
[Annotator "NA RC"]
[PlyCount "85"]
[EventDate "2024.11.18"]
[EventType "swiss"]
[EventCountry "ITA"]
[SourceTitle "playchess.com"]
[Source "ChessBase"]
[SourceQuality "1"]
[TimeControl "5400+30"]

1. e4 e5 2. Nf3 d5 3. Nxe5 Bd6 4. d4 dxe4 5. Bc4 Bxe5 6. Qh5 Qe7 7. Qxe5 Nc6 8. Qxg7 Qf6 9. Bxf7+ Qxf7 10. Qxh8 Nce7 11. Qe5 Qg6 12. O-O Bh3 13. Qg3 Qxg3 14. fxg3 Be6 15. Nc3 Bf5 16. Bg5 Rc8 17. Rae1 c5 18. Nxe4 Bxe4 19. Rxe4 cxd4 20. Rfe1 Rc7 21. Bf4 Rd7 22. Be5 Kd8 23. Rxd4 Rxd4 24. Bxd4 Nc6 25. Rd1 Ke8 26. Kf2 Kf7 27. Ke3 Ke7 28. c3 Nh6 29. a4 Nf5+ 30. Ke4 Nd6+ 31. Kd3 Ke6 32. b4 Nc8 33. a5 Nd6 34. Bc5 Ne5+ 35. Kc2 Ndc4 36. Bxa7 Ng4 37. Re1+ Kd5 38. Kb3 Nxh2 39. Rd1+ Kc6 40. Kxc4 Ng4 41. b5+ Kc7 42. Bb6+ Kb8 43. Rd8# 1-0

[Event "FIDE WCCC Open-08 2024"]
[Site "Montesilvano"]
[Date "2024.11.22"]
[Round "7.31"]
[White "Xin, Andrew M."]
[Black "Huzela, Lukyan"]
[Result "0-1"]
[ECO "B07"]
[WhiteElo "1546"]
[BlackElo "1651"]
[Annotator "NA RC"]
[PlyCount "122"]
[EventDate "2024.11.18"]
[EventType "swiss"]
[EventCountry "ITA"]
[SourceTitle "playchess.com"]
[Source "ChessBase"]
[SourceQuality "1"]
[TimeControl "5400+30"]

1. d4 Nf6 2. Nf3 g6 3. Nbd2 Bg7 4. e4 d6 5. Bb5+ Bd7 6. Bd3 O-O 7. O-O Nc6 8. b3 Nb4 9. Be2 c5 10. Bb2 cxd4 11. Nxd4 e5 12. N4f3 b5 13. c4 bxc4 14. Nxc4 Bb5 15. a3 Bxc4 16. Bxc4 Nc6 17. Qc2 Rc8 18. Rad1 Qe7 19. Rfe1 Na5 20. Nd2 Bh6 21. Nf3 Nxc4 22. bxc4 Qe6 23. Qd3 Rfd8 24. Nd2 Bxd2 25. Rxd2 Qxc4 26. Qxc4 Rxc4 27. Bxe5 Rxe4 28. Rxe4 Nxe4 29. Rd1 Rb8 30. f3 dxe5 31. fxe4 Rb3 32. Rd8+ Kg7 33. Rd5 Kf6 34. Ra5 Re3 35. Ra4 Rd3 36. Kf2 Rd4 37. Rb4 Rxb4 38. axb4 Ke6 39. Ke3 Kd6 40. Kd3 f5 41. exf5 gxf5 42. Kc4 Kc6 43. b5+ Kb6 44. g3 f4 45. gxf4 exf4 46. Kd4 Kxb5 47. Ke4 a5 48. Kxf4 a4 49. Kg5 a3 50. Kh6 a2 51. Kxh7 a1=Q 52. h4 Qh1 53. Kg6 Qxh4 54. Kf5 Kc6 55. Ke5 Qg4 56. Kf6 Kd6 57. Kf7 Qf5+ 58. Kg7 Ke7 59. Kh8 Qg5 60. Kh7 Kf6 61. Kh8 Qg7# 0-1

[Event "FIDE WCCC Open-08 2024"]
[Site "Montesilvano"]
[Date "2024.11.22"]
[Round "7.32"]
[White "Zhanabayev, Arystan"]
[Black "Cherem, Yoseph"]
[Result "1-0"]
[ECO "B13"]
[WhiteElo "1524"]
[BlackElo "1634"]
[Annotator "NA RC"]
[PlyCount "111"]
[EventDate "2024.11.18"]
[EventType "swiss"]
[EventCountry "ITA"]
[SourceTitle "playchess.com"]
[Source "ChessBase"]
[SourceQuality "1"]
[TimeControl "5400+30"]

1. e4 c6 2. d4 d5 3. exd5 cxd5 4. Bd3 Nf6 5. c3 Bg4 6. Qb3 Qc7 7. Ne2 e6 8. Bf4 Qc8 9. h3 Bxe2 10. Bxe2 Be7 11. Bxb8 Rxb8 12. Qa4+ Nd7 13. Bb5 a6 14. Bxd7+ Qxd7 15. Qxd7+ Kxd7 16. Nd2 b6 17. Rf1 g5 18. Nf3 f6 19. Kd2 h5 20. Ne1 Bd6 21. Nd3 e5 22. Rfe1 e4 23. Nb4 Bxb4 24. cxb4 f5 25. Rac1 Rhc8 26. Rc3 f4 27. h4 g4 28. Rec1 Rxc3 29. bxc3 a5 30. Rb1 a4 31. b5 Ke6 32. Rb4 Ra8 33. c4 Ra5 34. c5 bxc5 35. dxc5 Ra8 36. Kc3 Ke5 37. b6 Rd8 38. c6 Kd6 39. c7 Re8 40. Kd2 Rf8 41. Rxa4 f3 42. g3 Kc6 43. Rb4 Re8 44. Ke3 Rf8 45. a4 Kb7 46. a5 Rf6 47. a6+ Kc8 48. b7+ Kxc7 49. b8=Q+ Kd7 50. Rb7+ Ke6 51. Qc8+ Kd6 52. Rb6+ Ke5 53. Qb8+ Kf5 54. Qf4+ Kg6 55. Qxf6+ Kh7 56. Rb7+ 1-0

[Event "FIDE WCCC Open-08 2024"]
[Site "Montesilvano"]
[Date "2024.11.22"]
[Round "7.33"]
[White "Kortmann, Pedro Reck"]
[Black "Shroff, Dhairya Amit"]
[Result "0-1"]
[ECO "C06"]
[WhiteElo "1630"]
[BlackElo "1444"]
[Annotator "NA RC"]
[PlyCount "60"]
[EventDate "2024.11.18"]
[EventType "swiss"]
[EventCountry "ITA"]
[SourceTitle "playchess.com"]
[Source "ChessBase"]
[SourceQuality "1"]
[TimeControl "5400+30"]

1. e4 e6 2. d4 d5 3. Nd2 Nf6 4. e5 Nfd7 5. Bd3 c5 6. c3 Nc6 7. Ngf3 Qb6 8. O-O Be7 9. a4 a5 10. dxc5 Bxc5 11. Qe2 h6 12. c4 O-O 13. cxd5 exd5 14. e6 Nf6 15. exf7+ Rxf7 16. Bg6 Re7 17. Qb5 Ng4 18. Qxb6 Bxb6 19. Nb3 Nxf2 20. Rxf2 Re2 21. Be3 Bxe3 22. Raf1 Rxb2 23. Nfd2 Ne5 24. Bb1 Ng4 25. g3 Nxf2 26. Rxf2 Bxf2+ 27. Kxf2 Bd7 28. Nc5 Rxd2+ 29. Ke3 Rb2 30. Bd3 Bc6 0-1

[Event "FIDE WCCC Open-08 2024"]
[Site "Montesilvano"]
[Date "2024.11.22"]
[Round "7.34"]
[White "Kiss, Lorinc Istvan"]
[Black "Nguyen Phuc Cao Danh"]
[Result "0-1"]
[ECO "B38"]
[WhiteElo "1501"]
[BlackElo "1627"]
[Annotator "NA RC"]
[PlyCount "84"]
[EventDate "2024.11.18"]
[EventType "swiss"]
[EventCountry "ITA"]
[SourceTitle "playchess.com"]
[Source "ChessBase"]
[SourceQuality "1"]
[TimeControl "5400+30"]

1. e4 c5 2. Nf3 Nc6 3. d4 cxd4 4. Nxd4 g6 5. c4 Bg7 6. Be3 Nf6 7. Nc3 O-O 8. Be2 d6 9. O-O Ne5 10. f3 Bd7 11. Qd2 Rc8 12. b3 a6 13. a4 Ne8 14. a5 Nc6 15. Nxc6 Bxc6 16. Rfd1 Nc7 17. Bb6 Qd7 18. c5 Na8 19. Rac1 Nxb6 20. axb6 Rfd8 21. Qf4 Be5 22. Qe3 Qe6 23. Bc4 Qf6 24. Nd5 Bxd5 25. Bxd5 Bf4 26. Qc3 Bxc1 27. Qxf6 Be3+ 28. Kf1 exf6 29. b4 dxc5 30. bxc5 Bxc5 31. Rb1 Be3 32. Ke2 Rc1 33. Rb3 Bc5 34. Rd3 Rd6 35. Bxb7 Rxd3 36. Kxd3 Bxb6 37. Bxa6 Rh1 38. h3 Rh2 39. g4 Rxh3 40. Ke2 Kg7 41. Bc8 Rh2+ 42. Kd3 Rf2 0-1

[Event "FIDE WCCC Open-08 2024"]
[Site "Montesilvano"]
[Date "2024.11.22"]
[Round "7.35"]
[White "Sivan, Leeor"]
[Black "Khantulga, Tuvshinbayar"]
[Result "1-0"]
[ECO "C56"]
[WhiteElo "1464"]
[BlackElo "1611"]
[Annotator "NA RC"]
[PlyCount "93"]
[EventDate "2024.11.18"]
[EventType "swiss"]
[EventCountry "ITA"]
[SourceTitle "playchess.com"]
[Source "ChessBase"]
[SourceQuality "1"]
[TimeControl "5400+30"]

1. e4 e5 2. Nf3 Nc6 3. d4 exd4 4. Bc4 Nf6 5. e5 d5 6. Bb5 Ne4 7. Nxd4 Bd7 8. Bxc6 bxc6 9. O-O Bc5 10. f3 Ng5 11. Be3 Bb6 12. Qd2 h6 13. Kh1 Qe7 14. Re1 c5 15. Nb3 d4 16. Bf2 Bc6 17. Qd3 O-O-O 18. a4 Bd5 19. N1d2 Qe6 20. Qe2 Bxb3 21. Qa6+ Kb8 22. cxb3 c6 23. Nc4 Bc7 24. Rac1 Qd5 25. Nd6 Bxd6 26. exd6 Rxd6 27. Bg3 Ka8 28. Re5 Qxb3 29. Re7 Qb6 30. Qxb6 axb6 31. Bxd6 d3 32. Re3 d2 33. Rd1 f5 34. Rxd2 Rd8 35. Red3 c4 36. Rd4 c5 37. Bxc5 Rb8 38. Bb4 Ne6 39. Rxc4 Re8 40. h3 g5 41. Re2 Kb7 42. Rd4 g4 43. fxg4 fxg4 44. Rxg4 Ng7 45. Rxg7+ Ka6 46. Rxe8 b5 47. Re6# 1-0

[Event "FIDE WCCC Open-08 2024"]
[Site "Montesilvano"]
[Date "2024.11.22"]
[Round "7.38"]
[White "Arsenijevic, Matija"]
[Black "Thomas, Robert K"]
[Result "1-0"]
[ECO "A59"]
[WhiteElo "1700"]
[BlackElo "2166"]
[Annotator "RC"]
[PlyCount "92"]
[EventDate "2024.11.18"]
[EventType "swiss"]
[EventCountry "ITA"]
[SourceTitle "playchess.com"]
[Source "ChessBase"]
[SourceQuality "1"]
[TimeControl "5400+30"]

1. d4 Nf6 2. c4 c5 3. d5 b5 4. cxb5 a6 5. bxa6 Bxa6 6. Nc3 d6 7. e4 Bxf1 8. Kxf1 g6 9. g3 Bg7 10. Kg2 O-O 11. Nf3 Nbd7 12. a4 Ng4 13. Qe2 Nge5 14. Ra3 Qc7 15. Nb5 Qb6 16. b3 Rfb8 17. h4 Rf8 18. h5 f5 19. Bb2 Rf7 20. Ng5 Rf6 21. f4 Ng4 22. Bxf6 exf6 23. Ne6 c4 24. bxc4 Nc5 25. Nxc5 Qxc5 26. Re1 Re8 27. Qf3 Qb4 28. Raa1 gxh5 29. Qc3 Qc5 30. Qd4 Qb4 31. Reb1 Qa5 32. Nxd6 Rxe4 33. Nxe4 fxe4 34. Rb5 Qc7 35. Rc1 f5 36. Qc5 Qd8 37. Rcb1 Bf8 38. Qxf8+ Qxf8 39. Rb8 e3 40. Rxf8+ Kxf8 41. Kf3 Ke7 42. a5 Kd6 43. a6 Kc5 44. a7 Kd4 45. a8=Q Kd3 46. Qa3+ Kd4 1-0

[Event "FIDE WCCC Open-08 2024"]
[Site "Montesilvano"]
[Date "2024.11.22"]
[Round "7.39"]
[White "Bisetto, Alessandro Federico"]
[Black "Huang, Joshua Kai-En"]
[Result "1-0"]
[ECO "B56"]
[WhiteElo "1671"]
[BlackElo "1424"]
[Annotator "NA RC"]
[PlyCount "73"]
[EventDate "2024.11.18"]
[EventType "swiss"]
[EventCountry "ITA"]
[SourceTitle "playchess.com"]
[Source "ChessBase"]
[SourceQuality "1"]
[TimeControl "5400+30"]

1. e4 c5 2. Nf3 d6 3. d4 cxd4 4. Nxd4 Nf6 5. Nc3 Nc6 6. Be3 e5 7. Nb3 Be6 8. Qd2 a5 9. a4 Nb4 10. Bb5+ Bd7 11. O-O Be7 12. f3 O-O 13. Nc1 Rc8 14. Nd3 Bxb5 15. axb5 d5 16. exd5 Nfxd5 17. Nxb4 Bxb4 18. Qxd5 Bxc3 19. Qxd8 Rfxd8 20. bxc3 Rxc3 21. Bb6 Rdc8 22. Rxa5 Rxc2 23. Rfa1 Rc1+ 24. Rxc1 Rxc1+ 25. Kf2 f6 26. Ra8+ Kf7 27. Ra7 Kg6 28. Rxb7 Rc2+ 29. Kg3 f5 30. Bd8 e4 31. fxe4 fxe4 32. Ba5 e3 33. b6 Ra2 34. Ra7 Rb2 35. b7 h5 36. h4 Kf5 37. Bc7 1-0

[Event "FIDE WCCC Open-08 2024"]
[Site "Montesilvano"]
[Date "2024.11.22"]
[Round "7.40"]
[White "Chanishvili, Noa"]
[Black "Morais, Benjamin Guedes"]
[Result "1-0"]
[ECO "B13"]
[WhiteElo "1553"]
[BlackElo "1652"]
[Annotator "NA RC"]
[PlyCount "119"]
[EventDate "2024.11.18"]
[EventType "swiss"]
[EventCountry "ITA"]
[SourceTitle "playchess.com"]
[Source "ChessBase"]
[SourceQuality "1"]
[TimeControl "5400+30"]

1. e4 c6 2. d4 d5 3. exd5 cxd5 4. Bd3 Nc6 5. c3 Nf6 6. Bf4 Bg4 7. Qb3 Qd7 8. Bb5 e6 9. Nd2 Bd6 10. Bxd6 Qxd6 11. Ngf3 O-O 12. h3 Bf5 13. O-O Ne4 14. Rfe1 Qf4 15. Rad1 Nxd2 16. Rxd2 Bxh3 17. gxh3 Qxf3 18. Rd3 Qf6 19. Rg3 a6 20. Bd3 b5 21. Qc2 h6 22. Ree3 Rac8 23. Qd2 Qf4 24. Rg4 Qf6 25. Reg3 Kh8 26. Rxg7 Qxg7 27. Rxg7 Kxg7 28. Kh2 Ne7 29. Qf4 Ng6 30. Qg4 f5 31. Qg3 Rf6 32. Qd6 Rcf8 33. Qxa6 e5 34. Qb7+ R8f7 35. Qxd5 e4 36. Bxb5 Nh4 37. Be2 Rg6 38. Bh5 Rg2+ 39. Kh1 Rf6 40. Qd7+ Kg8 41. Qd8+ Rf8 42. Qxh4 Rg5 43. f4 exf3 44. Bxf3 Kg7 45. Qf2 Rg8 46. a4 Kh8 47. Kh2 f4 48. a5 Rxa5 49. Qh4 Kg7 50. Qxf4 Rf8 51. Qc7+ Rf7 52. Qxa5 Rxf3 53. Qe5+ Rf6 54. b4 Kf7 55. d5 Rf2+ 56. Kg3 Rf6 57. d6 Rg6+ 58. Kh2 h5 59. Qe7+ Kg8 60. d7 1-0